[Event "Team 45 45 League T42"]
[Site "Internet Chess Club"]
[Date "2009.08.01"]
[Round "1"]
[White "fuzzface"]
[Black "katabatico"]
[Result "1-0"]
[WhiteElo "1371"]
[BlackElo "1381"]
[Opening "Torre attack (Tartakower variation)"]
[ECO "D03"]
[Time "14:00:47"]
[TimeControl "2700+45"]

1. d4 d5 2. Nf3 Nf6 3. Bg5 e6 4. e3 Be7 5. Bd3 Nbd7 6. h3 O-O 7. O-O b6 8. Nbd2
Bb7 9. c4 dxc4 10. Nxc4 Nd5 11. Bxe7 Nxe7 12. Nce5 Nxe5 13. Bxh7+ Kxh7 14. Ng5+
Kg8 15. Qh5 Nf3+ 16. gxf3 Be4 17. fxe4 f6 18. Qh7# {Black checkmated} 1-0

[Event "Team 45 45 League T42"]
[Site "Internet Chess Club"]
[Date "2009.08.02"]
[Round "1"]
[White "Visin"]
[Black "milesotoole"]
[Result "0-1"]
[WhiteElo "1202"]
[BlackElo "1278"]
[Opening "Caro-Kann: classical variation"]
[ECO "B18"]
[Time "14:00:06"]
[TimeControl "2700+45"]

1. e4 c6 2. d4 d5 3. Nc3 dxe4 4. Nxe4 Bf5 5. Ng3 Bg6 6. Nf3 Nd7 7. Bc4 e6 8. a3
Ngf6 9. O-O Bd6 10. c3 O-O 11. Nh4 Qc7 12. Nxg6 fxg6 13. Bxe6+ Kh8 14. Bxd7 Nxd7
15. Qd3 Nf6 16. Bd2 Nh5 17. Rae1 Nxg3 18. fxg3 Rxf1+ 19. Rxf1 Rf8 20. Rxf8+ Bxf8
21. Bf4 Qe7 22. Qe3 Kg8 23. Kf2 Kf7 24. Kf3 Qxe3+ 25. Bxe3 Ke6 26. d5+ Kxd5 27.
Bxa7 Kc4 28. Be3 Kb3 29. Ke4 Kxb2 30. a4 Kxc3 31. Bd4+ Kb4 32. Kd3 Kxa4 33. Kc4
b5+ 34. Kc3 b4+ 35. Kb2 c5 36. Be5 c4 37. Bd4 h6 38. g4 Kb5 39. h4 Kc6 40. g3
Kd5 41. Bf2 Ke4 42. h5 Kd3 43. Be1 Ke2 44. Bxb4 Bxb4 45. Kc2 {White resigns} 0-1

[Event "Team 45 45 League T42"]
[Site "Internet Chess Club"]
[Date "2009.08.01"]
[Round "1"]
[White "MateIn42"]
[Black "Riddari"]
[Result "1-0"]
[WhiteElo "1377"]
[BlackElo "1265"]
[Opening "Sicilian: Nimzovich-Rubinstein variation"]
[ECO "B29"]
[Time "10:00:08"]
[TimeControl "2700+45"]

1. e4 c5 2. Nf3 Nf6 3. e5 Nd5 4. d4 cxd4 5. Qxd4 e6 6. Bc4 Nc6 7. Qg4 Ncb4 8.
Nd4 Qa5 9. Bd2 Qc5 10. Bb3 b6 11. a3 Nc6 12. Nxc6 Qxc6 13. Nc3 Nxc3 14. Bxc3 Ba6
15. O-O-O O-O-O 16. Rd2 h5 17. Qa4 Qxg2 18. Qxa6+ Kb8 19. Rhd1 Qg5 20. Kb1 Qe7
21. Bb4 Qe8 22. Ba4 Bxb4 23. Rxd7 Rxd7 24. Rxd7 Qc8 25. Qxa7# {Black checkmated}
1-0

[Event "Team 45 45 League T42"]
[Site "Internet Chess Club"]
[Date "2009.08.03"]
[Round "1"]
[White "scottrugby"]
[Black "jacknor"]
[Result "1/2-1/2"]
[WhiteElo "1482"]
[BlackElo "1652"]
[Opening "Sicilian: closed"]
[ECO "B23"]
[Time "19:01:10"]
[TimeControl "2700+45"]

1. e4 c5 2. Nc3 g6 3. f4 Bg7 4. Nf3 d6 5. Bb5+ Bd7 6. Bxd7+ Qxd7 7. d3 Nc6 8.
O-O Nh6 9. h3 O-O 10. Qe1 f5 11. Nd5 e6 12. Ne3 Nd4 13. Ng5 Nf7 14. c3 Nc6 15.
Qh4 h6 16. Nxf7 Rxf7 17. g4 Qe7 18. Qxe7 Nxe7 19. Nc4 Rc8 20. Nxd6 Rd8 21. Nxf7
Kxf7 22. Rf3 b5 23. a4 b4 24. cxb4 cxb4 25. Rb1 Nc6 26. Bd2 fxe4 27. Rg3 exd3
28. b3 Nd4 29. Kf1 Ne2 30. Rf3 Bc3 31. Rd1 Rd4 32. f5 exf5 33. gxf5 gxf5 34.
Bxh6 Kg6 35. Be3 Re4 36. Rxd3 Nd4 37. Bxd4 Bxd4 38. Rd2 f4 39. Rg2+ Kh5 40. Rg4
Be3 41. Ke2 a6 42. Kd3 Rd4+ 43. Ke2 Rd2+ 44. Ke1 Rb2 45. Rxe3 fxe3 46. Rxb4 Kg5
47. Re4 Rxb3 48. Ke2 Ra3 49. Rg4+ Kh5 50. Re4 Kg5 51. Rg4+ Kh5 52. Re4 Kg5 {Game
drawn by repetition} 1/2-1/2

[Event "Team 45 45 League T42"]
[Site "Internet Chess Club"]
[Date "2009.08.03"]
[Round "1"]
[White "smsxman"]
[Black "thefranman"]
[Result "0-1"]
[WhiteElo "1469"]
[BlackElo "1348"]
[Opening "Sicilian: Tartakower variation"]
[ECO "B53"]
[Time "14:00:06"]
[TimeControl "2700+45"]

1. e4 c5 2. Nf3 d6 3. d4 cxd4 4. c3 a6 5. cxd4 Nf6 6. Nc3 Qc7 7. Be2 e6 8. O-O
Be7 9. e5 dxe5 10. dxe5 Nfd7 11. Bf4 O-O 12. Bd3 Nc6 13. Re1 b5 14. Rc1 Nb6 15.
Bg3 Bb7 16. Bc2 Rfd8 17. Qe2 Rac8 18. b3 b4 19. Na4 Nd5 20. Qd3 g6 21. Qf1 Bf8
22. Be4 Bh6 23. Rc4 a5 24. Nc5 Nc3 25. Nxb7 Qxb7 26. Bh4 Rd7 27. Nd4 Nxe4 28.
Rxe4 Nxd4 29. Rxc8+ Qxc8 30. f4 Qc2 31. Qa6 Qxe4 32. Qc8+ Bf8 33. Qxd7 Qxf4 34.
Bf2 Ne2+ 35. Kf1 Qxe5 36. Qd2 Nc3 37. Bg3 Qf5+ 38. Kg1 Bc5+ 39. Bf2 Bxf2+ 40.
Qxf2 Qxf2+ 41. Kxf2 Nxa2 42. Ke3 Kg7 43. Kd4 Kf6 44. Kc4 e5 45. Kb5 e4 46. Kc4
Ke5 {White resigns} 0-1

[Event "Team 45 45 League T42"]
[Site "Internet Chess Club"]
[Date "2009.08.02"]
[Round "1"]
[White "DrOMM"]
[Black "hcarstens"]
[Result "1-0"]
[WhiteElo "1313"]
[BlackElo "1280"]
[Opening "French: advance, Paulsen attack"]
[ECO "C02"]
[Time "16:01:03"]
[TimeControl "2700+45"]

1. e4 e6 2. d4 d5 3. e5 c5 4. c3 Nc6 5. Nf3 h6 6. Be2 Nge7 7. O-O Nf5 8. Qd3 Be7
9. Be3 Nxe3 10. fxe3 c4 11. Qc2 Qb6 12. Nbd2 Bd7 13. b3 Bg5 14. Nxg5 hxg5 15.
Rab1 Qc7 16. bxc4 f6 17. Qg6+ Kd8 18. Qxg7 Rh4 19. g3 Re4 20. Nxe4 dxe4 21.
Qxf6+ Ne7 22. Qh8+ Be8 23. Bh5 Kd7 24. Bxe8+ Rxe8 25. Rf8 Ng6 26. Qg7+ Ne7 27.
Rxe8 Kxe8 28. Rf1 Qb6 29. Rf7 Qb1+ 30. Kg2 Qc2+ 31. Kh3 g4+ 32. Kxg4 Qe2+ 33.
Kh3 Qh5+ 34. Kg2 Qe2+ 35. Rf2 Qxe3 36. Qg4 Qxc3 37. Qxe4 Qxc4 38. Rc2 Qb4 39.
Qd3 Nd5 40. Qg6+ Kd7 41. Qf7+ Ne7 42. Qf4 Nd5 43. Qd2 Qf8 44. Rb2 b6 45. Qf2 Qh6
46. Qf7+ Ne7 47. Rf2 Qe3 48. Qf4 Qb3 49. Qd2 Qd5+ 50. Kh3 Nc6 51. Rf7+ Ne7 52.
Qb4 b5 53. Qxe7+ Kc8 54. Rf8+ Qd8 55. Rxd8# {Black checkmated} 1-0

[Event "Team 45 45 League T42"]
[Site "Internet Chess Club"]
[Date "2009.08.02"]
[Round "1"]
[White "frankd"]
[Black "oldsj"]
[Result "1-0"]
[WhiteElo "1562"]
[BlackElo "1645"]
[Opening "Scotch gambit: Dubois-Réti defense"]
[ECO "C55"]
[Time "10:00:08"]
[TimeControl "2700+45"]

1. e4 e5 2. Nf3 Nc6 3. Bc4 Nf6 4. d4 exd4 5. e5 d5 6. Bb5 Ne4 7. Nxd4 Bd7 8.
Bxc6 bxc6 9. O-O Bc5 10. Be3 O-O 11. Nd2 Nxd2 12. Qxd2 Bb6 13. Nb3 Bf5 14. Rac1
Qe7 15. f4 f6 16. Rfe1 fxe5 17. fxe5 Be4 18. c3 Qxe5 19. Bd4 Rf7 20. Nc5 Bxc5
21. Bxc5 a6 22. Rf1 Qe6 23. Rxf7 Qxf7 24. Rf1 Qg6 25. Qf2 Qe8 26. Qg3 Qg6 27.
Qxg6 Bxg6 28. Re1 Re8 29. Rxe8+ Bxe8 30. Kf2 Kf7 31. Ke3 Ke6 32. g3 Bg6 33. h3
Be4 34. a3 g5 35. Bd4 Kd6 36. b4 Ke6 37. Bg7 Kf7 38. Be5 Ke6 39. Bxc7 Bf5 40. h4
h6 41. hxg5 hxg5 42. Bd8 g4 43. Kf4 Kd7 44. Kxf5 Kxd8 45. Kxg4 Ke8 46. Kf5 Kf7
47. Ke5 Ke7 48. g4 Kf7 49. Kd6 Kf6 50. Kxc6 Ke5 51. g5 d4 52. cxd4+ {Black
resigns} 1-0

[Event "Team 45 45 League T42"]
[Site "Internet Chess Club"]
[Date "2009.08.01"]
[Round "1"]
[White "Berkshires"]
[Black "cazj"]
[Result "1-0"]
[WhiteElo "1649"]
[BlackElo "1294"]
[Opening "Ruy Lopez: Berlin defense, Beverwijk variation"]
[ECO "C65"]
[Time "10:10:16"]
[TimeControl "2700+45"]

1. e4 e5 2. Nf3 Nc6 3. Bb5 Nf6 4. O-O Bc5 5. c3 a6 6. Ba4 b5 7. Bc2 Bb7 8. d4
exd4 9. cxd4 Nxd4 10. Nxd4 Nxe4 11. Re1 Qf6 12. Bxe4 O-O-O 13. Bxb7+ Kxb7 14.
Nf3 Rhe8 15. Nc3 Qb6 16. Be3 Bxe3 17. Rxe3 Rxe3 18. fxe3 Qxe3+ 19. Kh1 Re8 20.
Qd5+ Kb8 21. Qd1 Qf2 22. Qg1 Qxb2 23. Qc1 Qf2 24. Nd5 c6 25. Qf4+ Kb7 26. Qc7+
Ka8 27. Nb6+ {Black resigns} 1-0

[Event "Team 45 45 League T42"]
[Site "Internet Chess Club"]
[Date "2009.07.30"]
[Round "1"]
[White "dinosaurs01"]
[Black "beerss"]
[Result "1-0"]
[WhiteElo "1285"]
[BlackElo "1345"]
[Opening "French: exchange variation"]
[ECO "C01"]
[Time "21:00:12"]
[TimeControl "2700+45"]

1. e4 e6 2. d4 d5 3. exd5 exd5 4. c4 Nf6 5. Nc3 Nc6 6. Nf3 Be7 7. h3 Be6 8. c5
O-O 9. Bd3 Nb4 10. Be2 Ne4 11. Bd2 Nxd2 12. Nxd2 Nc6 13. Nf3 Bf6 14. O-O Ne7 15.
Qc2 c6 16. Bd3 Ng6 17. Rae1 Re8 18. Bxg6 fxg6 19. Re2 Bf5 20. Rxe8+ Qxe8 21. Qd2
a5 22. Re1 Qd8 23. b3 b5 24. Ne5 Qc7 25. Qf4 Kf8 26. Nxg6+ Bxg6 27. Qxc7 {Black
resigns} 1-0

[Event "Team 45 45 League T42"]
[Site "Internet Chess Club"]
[Date "2009.08.03"]
[Round "1"]
[White "ilknight"]
[Black "xlxe5"]
[Result "0-1"]
[WhiteElo "1442"]
[BlackElo "1333"]
[Opening "QGD semi-Slav: 5.e3"]
[ECO "D45"]
[Time "14:02:14"]
[TimeControl "2700+45"]

1. d4 e6 2. c4 d5 3. Nf3 Nf6 4. Nc3 c6 5. e3 Qa5 6. Bd2 Qb6 7. Qc2 Nbd7 8. c5
Qc7 9. Bd3 e5 10. dxe5 Nxe5 11. Nxe5 Qxe5 12. Ne2 Ne4 13. Bxe4 Qxe4 14. Qxe4+
dxe4 15. b4 b6 16. Ng3 bxc5 17. bxc5 Bxc5 18. Nxe4 Ba3 19. O-O O-O 20. Rab1 Bf5
21. Rb3 Be7 22. Rb7 Rfe8 23. Ng3 Bc8 24. Rc7 c5 25. Ne4 Bd8 26. Rxc5 Rxe4 27.
Rfc1 Be6 28. R1c2 Ra4 29. h3 Rxa2 30. Rxa2 Bxa2 31. Re5 Bb6 32. Ba5 Bxa5 33.
Rxa5 Be6 34. f4 g6 35. g4 f5 36. g5 a6 37. h4 Kf7 38. Kf2 Ra7 39. Ke2 Bc4+ 40.
Kd2 Bb5 41. Kc3 Rd7 42. Ra3 Rd3+ 43. Kb2 Rxa3 44. Kxa3 Ke6 45. Kb3 Kd5 46. Kc3
Kc5 47. Kd2 Kd5 48. Ke1 Ke4 49. Kf2 Bc4 {White resigns} 0-1

[Event "Team 45 45 League T42"]
[Site "Internet Chess Club"]
[Date "2009.08.01"]
[Round "1"]
[White "kingsrook"]
[Black "dxf"]
[Result "0-1"]
[WhiteElo "1296"]
[BlackElo "1196"]
[Opening "Queen's pawn game"]
[ECO "D05"]
[Time "11:00:10"]
[TimeControl "2700+45"]

1. d4 d5 2. Nf3 Nf6 3. e3 e6 4. Bd3 h6 5. Nbd2 Bd6 6. O-O O-O 7. e4 Nxe4 8. Nxe4
dxe4 9. Bxe4 Qd7 10. c3 Nc6 11. Re1 b6 12. d5 exd5 13. Bxd5 Bb7 14. h3 Rfe8 15.
Be3 Na5 16. b4 Bxd5 17. Qxd5 Qc6 18. Rad1 Red8 19. Qxc6 Nxc6 20. b5 Na5 21. a4
Nc4 22. Bc1 a6 23. Re4 axb5 24. axb5 Ra4 25. Ne5 Nb2 26. Rxa4 Nxd1 27. Nc6 Re8
28. Bd2 Re2 29. Be3 Re1# {White checkmated} 0-1

[Event "Team 45 45 League T42"]
[Site "Internet Chess Club"]
[Date "2009.08.04"]
[Round "1"]
[White "theartist"]
[Black "WzeroMN"]
[Result "0-1"]
[WhiteElo "1130"]
[BlackElo "1205"]
[Opening "QGA: 3.e4"]
[ECO "D20"]
[Time "12:32:36"]
[TimeControl "2700+45"]

1. d4 d5 2. c4 dxc4 3. e4 e6 4. Bxc4 Bb4+ 5. Nc3 c5 6. Nf3 cxd4 7. Nxd4 e5 8.
Nf3 Qxd1+ 9. Kxd1 Nc6 10. Nd5 Ba5 11. Bb5 Bg4 12. Be3 O-O-O 13. Bxc6 bxc6 14.
Rc1 Kb7 15. b4 Bb6 16. Ke2 cxd5 17. exd5 e4 18. h3 exf3+ 19. gxf3 Bf5 20. Rcd1
Bxe3 21. fxe3 Rd6 22. e4 Bd7 23. e5 Bb5+ 24. Ke3 Rd8 25. d6 Nh6 26. Kf4 Rhe8 27.
Rhe1 Re6 28. a3 f6 29. Re3 fxe5+ 30. Rxe5 Rf6+ 31. Ke4 Bc6+ 32. Ke3 Rfxd6 33.
Rxd6 Rxd6 34. Kf4 Rf6+ 35. Kg5 Nf7+ {White resigns} 0-1

[Event "Team 45 45 League T42"]
[Site "Internet Chess Club"]
[Date "2009.08.02"]
[Round "1"]
[White "bowwrestler"]
[Black "damnwrite"]
[Result "0-1"]
[WhiteElo "1025"]
[BlackElo "1201"]
[Opening "Scotch gambit"]
[ECO "C44"]
[Time "15:00:54"]
[TimeControl "2700+45"]

1. e4 e5 2. Nf3 Nc6 3. d4 exd4 4. Bc4 Bc5 5. c3 Nge7 6. Bf4 d5 7. exd5 Nxd5 8.
Bxd5 Qxd5 9. O-O O-O 10. Re1 Bb6 11. Re2 Bg4 12. Rd2 Bxf3 13. Qxf3 Qxf3 14. gxf3
dxc3 15. Nxc3 Ba5 16. Re1 b5 17. a3 b4 18. axb4 Nxb4 19. Rd7 c5 20. Nb5 Nd3 21.
Re4 Nxf4 22. Rxf4 a6 23. Nc7 Rad8 24. Re7 Rd1+ 25. Kg2 Bxc7 26. Rxc7 Rc1 27. Ra4
Ra8 28. Rc6 a5 29. b4 g6 30. Rxa5 Rxa5 31. bxa5 Kf8 32. a6 Ra1 33. Kg3 f5 34.
Rc8+ Kg7 35. Ra8 c4 36. a7 c3 37. Rc8 Rxa7 38. Rxc3 Ra4 39. f4 Kh6 40. Kh4 g5+
41. Kg3 Rxf4 42. Rf3 Rxf3+ 43. Kxf3 g4+ 44. Kg3 Kg5 45. Kg2 h5 46. h3 Kh4 47.
Kg1 Kxh3 48. Kh1 f4 49. Kg1 f3 50. Kh1 g3 51. Kg1 h4 52. fxg3 hxg3 53. Kf1 Kh2
54. Ke1 g2 55. Kf2 g1=Q+ 56. Kxf3 Kh3 57. Kf4 Qg3+ 58. Ke4 Kg4 59. Kd5 Qf4 60.
Ke6 Kg5 61. Kd5 Kf5 62. Kc6 Qe5 63. Kd7 Kf6 64. Kd8 Qe6 65. Kc7 Ke7 66. Kb7 Qd6
67. Kc8 Qc6+ 68. Kb8 Kd7 69. Ka7 Kd8 70. Kb8 Qd6+ 71. Kb7 Kd7 72. Ka7 Kc8 73.
Ka8 Qb8# {White checkmated} 0-1

[Event "Team 45 45 League T42"]
[Site "Internet Chess Club"]
[Date "2009.08.02"]
[Round "1"]
[White "spanc"]
[Black "jjaillet2007"]
[Result "1-0"]
[WhiteElo "1494"]
[BlackElo "1266"]
[Opening "French: Marshall variation"]
[ECO "C10"]
[Time "20:03:11"]
[TimeControl "2700+45"]

1. e4 e6 2. d4 d5 3. Nc3 c5 4. exd5 exd5 5. Nf3 Bd6 6. dxc5 Bxc5 7. Qxd5 Qxd5 8.
Nxd5 Bd6 9. Bc4 Be6 10. O-O Nf6 11. Re1 O-O 12. Nxf6+ gxf6 13. Bxe6 fxe6 14.
Rxe6 Be5 15. Nxe5 fxe5 16. Rxe5 Nd7 17. Re7 Rad8 18. Bh6 Rf7 19. Rae1 Rxe7 20.
Rxe7 Nf8 21. h3 Ng6 22. Rxb7 a5 23. Ra7 Rd5 24. c4 Rh5 25. Bg7 Nf4 26. Kf1 Nd3
27. Bc3 Rg5 28. Bxa5 Nxb2 29. Ra8+ Kf7 30. Ra7+ Kg6 31. Bd2 Rc5 32. Ra6+ Kf7 33.
Bc3 Nxc4 34. a4 Na3 35. Bb4 Rc1+ 36. Ke2 Nc2 37. Bd2 Rg1 38. g3 Nd4+ 39. Ke3
Nf5+ 40. Ke4 Ne7 41. Ra7 Ke6 42. a5 Rd1 43. Bb4 Nc6 44. Ra6 Rd4+ 45. Ke3 Kd5 46.
Rxc6 Rxb4 47. Rc7 h5 48. Rh7 h4 49. Rxh4 Rb3+ 50. Kf4 Kc6 51. Rh6+ Kb7 52. a6+
Ka7 53. g4 Rb8 54. h4 Rf8+ 55. Kg3 Rb8 56. h5 Rb1 57. f4 Rb3+ 58. Kh4 Rb4 59.
Kg5 Rb6 60. Rxb6 Kxb6 61. h6 Kxa6 62. h7 Kb7 63. h8=Q {Black resigns} 1-0

[Event "Team 45 45 League T42"]
[Site "Internet Chess Club"]
[Date "2009.08.03"]
[Round "1"]
[White "cobbler"]
[Black "JimGaming"]
[Result "1-0"]
[WhiteElo "1235"]
[BlackElo "1298"]
[Opening "Réti opening"]
[ECO "A04"]
[Time "14:00:16"]
[TimeControl "2700+45"]

1. Nf3 c5 2. g3 g6 3. Bg2 Nc6 4. O-O e5 5. d3 f6 6. e4 d6 7. Nc3 Be6 8. a3 Bg4
9. Nd5 Nd4 10. c3 Nxf3+ 11. Bxf3 Bxf3 12. Qxf3 Bg7 13. c4 Rc8 14. Be3 Kf7 15. b4
h5 16. Rfb1 b6 17. bxc5 dxc5 18. a4 Rc6 19. a5 Ke6 20. axb6 axb6 21. Ra6 Ne7 22.
Rbxb6 Rxb6 23. Rxb6+ Kf7 24. Bxc5 Nxd5 25. Rb7+ Ke6 26. exd5+ Qxd5 27. Qxd5+ Kf5
28. Rxg7 h4 29. Qe4+ Ke6 30. Re7# {Black checkmated} 1-0

[Event "Team 45 45 League T42"]
[Site "Internet Chess Club"]
[Date "2009.08.02"]
[Round "1"]
[White "Razorbackchess"]
[Black "Timotheous"]
[Result "1/2-1/2"]
[WhiteElo "1831"]
[BlackElo "1659"]
[Opening "Benkö gambit"]
[ECO "A57"]
[Time "18:03:11"]
[TimeControl "2700+45"]

1. d4 Nf6 2. c4 c5 3. d5 b5 4. f3 bxc4 5. e4 d6 6. Bxc4 g6 7. Ne2 Bg7 8. O-O O-O
9. Nec3 a6 10. a4 Nbd7 11. Na3 Rb8 12. Qc2 Qa5 13. Be2 Qc7 14. Nc4 Nb6 15. a5
Nxc4 16. Bxc4 Bd7 17. Bxa6 Ra8 18. Qe2 Rfb8 19. Be3 Nxe4 20. fxe4 Bxc3 21. bxc3
Rxa6 22. Rfb1 Rxb1+ 23. Rxb1 Rxa5 24. Bh6 Qa7 25. c4 Ra1 26. Qb2 Rxb1+ 27. Qxb1
f6 28. Bd2 Bc8 29. Qb5 Bd7 30. Qb2 Kf7 31. h3 Bc8 32. Qb5 Qb7 33. Qa5 Ke8 34.
Kf2 Qa6 35. Qc7 Qb7 36. Qxb7 Bxb7 37. Ke3 Bc8 38. h4 h5 39. g3 Kf7 40. Kd3 Ba6
41. Bf4 Ke8 42. Kc3 Kd7 43. Bh6 e6 44. Bg7 Ke7 45. Bh6 exd5 46. exd5 Kf7 47. Bf4
Ke7 48. Bh6 Kf7 {Game drawn by mutual agreement} 1/2-1/2

[Event "Team 45 45 League T42"]
[Site "Internet Chess Club"]
[Date "2009.08.01"]
[Round "1"]
[White "noblitz-oblige"]
[Black "BubbaHo-tep"]
[Result "1-0"]
[WhiteElo "1645"]
[BlackElo "1514"]
[Opening "Scandinavian (center counter) defense"]
[ECO "B01"]
[Time "22:00:07"]
[TimeControl "2700+45"]

1. e4 d5 2. exd5 Qxd5 3. Nc3 Qa5 4. d4 c6 5. Nf3 Bg4 6. Be2 Nf6 7. O-O e6 8. Bf4
Bb4 9. Ne5 Bxe2 10. Nxe2 Nd5 11. Bg3 O-O 12. c3 Be7 13. Nf4 Nxf4 14. Bxf4 Qd5
15. Re1 Nd7 16. c4 Qd6 17. Ng6 e5 18. Nxf8 Nxf8 19. Bxe5 Qg6 20. Bxg7 Qxg7 21.
Rxe7 Ng6 22. Re3 Kf8 23. b3 Nf4 24. Rg3 Qf6 25. Qg4 Qxd4 26. Rd1 Qe5 27. Qg8+
Ke7 28. Qxa8 Ne2+ 29. Kf1 Nxg3+ 30. hxg3 Qc7 {Black resigns} 1-0

[Event "Team 45 45 League T42"]
[Site "Internet Chess Club"]
[Date "2009.08.01"]
[Round "1"]
[White "kingphisch"]
[Black "SilverBlade"]
[Result "1-0"]
[WhiteElo "1615"]
[BlackElo "1656"]
[Opening "Scotch gambit: Benima defense"]
[ECO "C44"]
[Time "13:00:54"]
[TimeControl "2700+45"]

1. e4 e5 2. Nf3 Nc6 3. d4 exd4 4. Bc4 Be7 5. c3 d6 6. cxd4 Nf6 7. Nc3 O-O 8. O-O
Bg4 9. Be3 a6 10. Be2 Bh5 11. Rc1 Qc8 12. d5 Ne5 13. Nxe5 Bxe2 14. Qxe2 dxe5 15.
Na4 Nxe4 16. Nb6 Qd8 17. Nxa8 Qxa8 18. Rxc7 Bd6 19. Rc4 Nf6 20. Qd2 b5 21. Rc6
Rd8 22. Rfc1 a5 23. Qd3 Qb7 24. Bg5 Be7 25. Bxf6 Bxf6 26. Qf5 Rxd5 27. Qc8+ Qxc8
28. Rxc8+ Rd8 29. Rxd8+ Bxd8 30. Rc8 Kf8 31. Rxd8+ Ke7 32. Rh8 h6 33. Rg8 g6 34.
Ra8 a4 35. Rb8 Kd6 36. Rxb5 f6 37. Rb6+ Ke7 38. Ra6 {Black resigns} 1-0

[Event "Team 45 45 League T42"]
[Site "Internet Chess Club"]
[Date "2009.08.01"]
[Round "1"]
[White "Mudfrog"]
[Black "twintower"]
[Result "0-1"]
[WhiteElo "1529"]
[BlackElo "1476"]
[Opening "French: Fort Knox variation"]
[ECO "C10"]
[Time "14:01:00"]
[TimeControl "2700+45"]

1. e4 e6 2. d4 d5 3. Nc3 dxe4 4. Nxe4 Bd7 5. Nf3 Bc6 6. Nc3 Nd7 7. Bf4 Bd6 8.
Bxd6 cxd6 9. Bb5 Ngf6 10. Bxc6 bxc6 11. O-O O-O 12. Qd3 Qa5 13. Ne4 Qd5 14. c4
Qxe4 15. Qxe4 Nxe4 16. Rfe1 Nef6 17. b4 c5 18. b5 Nb6 19. dxc5 dxc5 20. Ne5 Rfd8
21. a4 Rd4 22. Rec1 a6 23. a5 Nbd7 24. Nxd7 Nxd7 25. b6 Rd8 26. Kf1 Nb8 27. Ke2
Nc6 28. Rd1 Kf8 29. Rxd4 Rxd4 30. Rd1 e5 31. Rxd4 exd4 32. Kf3 Ke7 33. Kf4 Ke6
34. Ke4 Nxa5 35. g4 Nxc4 {White resigns} 0-1

[Event "Team 45 45 League T42"]
[Site "Internet Chess Club"]
[Date "2009.07.31"]
[Round "1"]
[White "John3v16"]
[Black "BrerRabbit"]
[Result "0-1"]
[WhiteElo "1665"]
[BlackElo "1558"]
[Opening "King's Indian: 5.Nf3"]
[ECO "E90"]
[Time "19:01:15"]
[TimeControl "2700+45"]

1. c4 Nf6 2. Nc3 g6 3. d4 Bg7 4. e4 d6 5. Nf3 O-O 6. h3 e5 7. dxe5 dxe5 8. Qxd8
Rxd8 9. Bg5 Re8 10. O-O-O Bd7 11. Nd5 Nxd5 12. cxd5 c6 13. Bc4 cxd5 14. Bxd5 Bc6
15. Kb1 Bxd5 16. Rxd5 Nc6 17. Rhd1 f6 18. Be3 a6 19. Bb6 Bf8 20. Nd2 Be7 21. Rd7
Rab8 22. Nc4 Bd8 23. Bc7 Bxc7 24. Rxc7 Rec8 25. Rdd7 Rxc7 26. Rxc7 Rd8 27. Ne3
Rd2 28. Nc2 Rd1# {White checkmated} 0-1

[Event "Team 45 45 League T42"]
[Site "Internet Chess Club"]
[Date "2009.07.31"]
[Round "1"]
[White "bmw2002"]
[Black "kidcobra"]
[Result "1-0"]
[WhiteElo "1641"]
[BlackElo "1417"]
[Opening "QGD: Tarrasch, Prague variation, Normal position"]
[ECO "A30"]
[Time "10:03:23"]
[TimeControl "2700+45"]

1. c4 c5 2. g3 e6 3. Bg2 d5 4. cxd5 exd5 5. Nf3 Nf6 6. d4 Nc6 7. O-O Be7 8. Nc3
O-O 9. Qc2 Bg4 10. dxc5 Bxc5 11. Bg5 Bb6 12. Bxf6 Qxf6 13. Nxd5 Qd8 14. Nxb6
Qxb6 15. Ng5 g6 16. h3 Bf5 17. e4 Bd7 18. Rfd1 Rad8 19. Rd2 Qb5 20. Rad1 Nb4 21.
Qb3 h6 22. a3 hxg5 23. Qxb4 Qc6 24. Rd6 Qc7 25. Qd2 Ba4 26. Rxd8 Bxd1 27. Rxf8+
Kxf8 28. Qxd1 Qb6 29. Qd2 Qf6 30. Qb4+ Kg8 31. Qxb7 a6 32. Qc8+ Kh7 33. Qc3 Qd6
34. Qc4 Qd1+ 35. Kh2 Qd7 36. Qxa6 Qd2 37. Qf6 Kg8 38. b4 Qa2 39. b5 Qxa3 40. b6
Qb4 41. e5 Qf8 42. b7 Qb8 43. Qd6 Qxb7 44. Bxb7 Kg7 45. Bd5 f5 46. exf6+ Kh7 47.
Qe7+ Kh6 48. Qf8+ Kh5 49. Qh8# {Black checkmated} 1-0

[Event "Team 45 45 League T42"]
[Site "Internet Chess Club"]
[Date "2009.07.31"]
[Round "1"]
[White "Skyler"]
[Black "zepled37"]
[Result "0-1"]
[WhiteElo "1469"]
[BlackElo "1686"]
[Opening "Queen's pawn, Mason variation"]
[ECO "D00"]
[Time "21:01:24"]
[TimeControl "2700+45"]

1. d4 d5 2. Bf4 Nf6 3. e3 c5 4. c3 Nc6 5. Nf3 e6 6. Bd3 Bd6 7. Ne5 cxd4 8. exd4
Qc7 9. Qe2 Bd7 10. Nd2 O-O 11. Ndf3 Ne7 12. h3 Ng6 13. O-O Nxf4 14. Qe3 Nxd3 15.
Qxd3 a6 16. a4 b5 17. Nxd7 Qxd7 18. axb5 Qxb5 19. Qc2 Rfb8 20. Rfb1 Ra7 21. b4
Rc7 22. Qd2 Ne4 23. Qe1 Nxc3 24. Rb3 Bxb4 25. Qe3 a5 26. Rab1 Nxb1 27. Rxb1 Rbc8
28. Ne5 Qe8 29. Nd3 Rc3 30. Qe2 Qb5 31. Rd1 Rxd3 32. Qxd3 Qxd3 33. Rxd3 g6 34.
g4 Rc3 35. Rxc3 Bxc3 36. Kg2 Bxd4 37. f4 a4 38. g5 a3 39. h4 a2 40. Kg3 a1=Q 41.
Kf3 Qc3+ 42. Ke2 Qe3+ 43. Kd1 Qxf4 44. Kc2 Qe3 45. Kd1 Qf2 46. Kc1 Bc3 47. h5
Qd2+ 48. Kb1 Qb2# {White checkmated} 0-1

[Event "Team 45 45 League T42"]
[Site "Internet Chess Club"]
[Date "2009.08.01"]
[Round "1"]
[White "LeanSixSigma"]
[Black "ThePatzer"]
[Result "1-0"]
[WhiteElo "1347"]
[BlackElo "1255"]
[Opening "Pirc: classical (two knights) system"]
[ECO "B08"]
[Time "09:00:09"]
[TimeControl "2700+45"]

1. e4 d6 2. Nf3 Nf6 3. Nc3 g6 4. d4 Bg7 5. Be3 O-O 6. Be2 Nc6 7. e5 Ng4 8. Bf4
dxe5 9. Nxe5 Ngxe5 10. dxe5 Nxe5 11. Qxd8 Rxd8 12. O-O Bf5 13. Rac1 a6 14. f3 h5
15. Ne4 Bxe4 16. fxe4 Rd4 17. Bxe5 Bxe5 18. Bd3 Ra4 19. c3 Rxa2 20. Bc4 Rxb2 21.
Bxf7+ Kg7 22. Bd5 c6 23. Rf7+ Kh6 24. Bc4 Bd6 25. h3 b5 26. Be6 a5 27. c4 Re2
28. g4 Rxe4 29. c5 Bxc5+ 30. Rxc5 Rxe6 31. g5# {Black checkmated} 1-0

[Event "Team 45 45 League T42"]
[Site "Internet Chess Club"]
[Date "2009.07.30"]
[Round "1"]
[White "ffplayer"]
[Black "Traho"]
[Result "1/2-1/2"]
[WhiteElo "1133"]
[BlackElo "1236"]
[Opening "Nimzo-Indian: 4.e3"]
[ECO "E40"]
[Time "20:00:43"]
[TimeControl "2700+45"]

1. d4 Nf6 2. c4 e6 3. e3 Bb4+ 4. Nc3 Bxc3+ 5. bxc3 O-O 6. Nf3 d6 7. Bd3 c5 8.
O-O Nbd7 9. Be2 b6 10. Qb3 Bb7 11. a4 a5 12. Qc2 Ba6 13. Re1 d5 14. cxd5 Bxe2
15. Rxe2 exd5 16. Rb1 c4 17. Ba3 Re8 18. Ree1 Rb8 19. Rb5 Ne4 20. Reb1 Qc7 21.
Rxd5 Ndf6 22. Rdb5 Nd6 23. Bxd6 Qxd6 24. Ra1 Nd5 25. Ng5 Nf6 26. Nf3 h6 27. h3
Qe6 28. Re5 Qd6 29. Rxe8+ Rxe8 30. Qb2 Nd7 31. Qc2 Nf6 32. Qa2 Rc8 33. Ne5 Qc7
34. Qc2 {Game drawn by mutual agreement} 1/2-1/2

[Event "Team 45 45 League T42"]
[Site "Internet Chess Club"]
[Date "2009.08.03"]
[Round "1"]
[White "RancidTurnip"]
[Black "Newcastler"]
[Result "1-0"]
[WhiteElo "1229"]
[BlackElo "1238"]
[Opening "Sicilian: Anderssen variation"]
[ECO "B41"]
[Time "21:00:21"]
[TimeControl "2700+45"]

1. e4 c5 2. Nf3 e6 3. d4 cxd4 4. Nxd4 Nf6 5. Nc3 Nc6 6. Be2 Bb4 7. Nxc6 bxc6 8.
Bg5 h6 9. Bxf6 Qxf6 10. Qd2 Rb8 11. a3 Bc5 12. O-O O-O 13. Rad1 Rd8 14. b4 Bb6
15. Qd6 Bb7 16. Na4 Bc7 17. Qxc7 Qe7 18. Nc5 Bc8 19. Qxb8 {Black resigns} 1-0